 Dungeon Crawl Stone Soup version 0.19.5 (webtiles) character file.

1695 tricornhat the Cleaver (level 8, -1/64 HPs)
             Began as a Deep Dwarf Fighter on Mar 11, 2017.
             Killed from afar by an orc wizard (7 damage)
             ... with a magic dart
             ... on level 6 of the Dungeon.
             The game lasted 00:33:30 (3810 turns).

tricornhat the Cleaver (Deep Dwarf Fighter)         Turns: 3810, Time: 00:33:31

Health: -1/64      AC: 14    Str: 21    XL:     8   Next: 72%
Magic:  9/9        EV:  7    Int:  8    God:
Gold:   307        SH: 10    Dex: 12    Spells: 0 memorised, 7 levels left

rFire  . . .     SeeInvis .     a - +1 war axe
rCold  . . .     Gourm    .     t - +0 chain mail
rNeg   . . .     Faith    .     c - +0 shield
rPois  .         Spirit   .     v - +1 hat
rElec  .         Reflect  .     y - +0 cloak
rCorr  .         Harm     .     (no gloves)
MR     ++...                    (no boots)
Stlth  ..........               (no amulet)
                                (no ring)
                                r - ring of protection from magic

@: about to teleport, non-regenerating
A: damage resistance, recharge devices, molten scales 1, dopey 1, frail 1, sense
surroundings 1, slow regeneration 3
a: Device Recharging


You were on level 6 of the Dungeon.
You were hungry.

You visited 1 branch of the dungeon, and saw 6 of its levels.

You collected 307 gold pieces.

Inventory:

Hand Weapons
 a - a +1 war axe (weapon)
Armour
 b - a +0 scale mail
 c - a +0 shield (worn)
 t - a +0 chain mail (worn)
 v - a +1 hat (worn)
 y - a +0 cloak (worn)
Jewellery
 k - an uncursed ring of stealth
 r - a ring of protection from magic (left hand)
 u - an uncursed ring of protection from cold
Wands
 e - a wand of heal wounds (0/9)
 h - a wand of iceblast (6/15)
Scrolls
 g - 2 scrolls of enchant weapon
 j - a scroll of teleportation
 n - 2 scrolls of remove curse
 o - a scroll of blinking {unknown}
 p - a scroll of enchant armour {unknown}
 q - a scroll of random uselessness {unknown}
Potions
 d - a potion of might
 i - 4 potions of mutation
 s - a potion of flight
 w - a potion of cancellation {unknown}
 x - a potion of lignification
 z - 2 potions of curing
Comestibles
 f - 4 bread rations
 m - 4 meat rations
 A - a beef jerky


   Skills:
 + Level 4.3 Fighting
 + Level 8.4 Axes
 + Level 5.5 Armour
 + Level 3.0 Dodging
 + Level 1.1 Stealth
 + Level 6.4 Shields
 + Level 2.0 Evocations


You had 7 spell levels left.
You didn't know any spells.

Dungeon Overview and Level Annotations

Branches:
Dungeon (6/15)             Temple (0/1) D:5

Altars:
Ashenzari
Elyvilon
Gozag
Hepliaklqana
Kikubaaqudgha
Nemelex Xobeh

Annotations:
D:5 Sigmund


Innate Abilities, Weirdness & Mutations

You are resistant to damage.
You can recharge devices by infusing magical energy.
You passively map a small area around you.
You do not regenerate.
You are partially covered in molten scales. (AC +2)
You are dopey. (Int -2)
You are frail. (-10% HP)


Message History

You slash the shadow imp!
The shadow imp is almost dead.
The shadow imp closely misses you.
You slash the shadow imp!
You kill the shadow imp!
There is an escape hatch in the floor here.
You swap places.
That item cannot be evoked!
That item cannot be evoked!
You enter the shallow water.
Moving in this stuff is going to be slow.
You are feeling hungry.
Found a sparkling altar of Nemelex Xobeh.
An orc priest and an orc wizard come into view.
The orc wizard shouts!
The orc priest shouts!
As you read the scroll of teleportation, it crumbles to dust.
You feel strangely unstable. The orc wizard casts a spell at you.
The magic dart hits you!
You die...

################### , *
#.................. *
#.................. * *
#..................
#..........>.....## ,
#..###...###.....##
.########≈≈...≈≈########
#.......#≈..♣..≈#......# ,
....o..@...............'
.⌠.o......♣._.♣.r......#
.._....................#
#⌠.⌠....#≈..♣..≈#....... ,
, ........#≈≈...≈≈#.......
, ........###...###.......
...............## ##......
,, ,
................#,,,#......
######... ,,........
,,+.....#


You could see an orc priest and an orc wizard.

Vanquished Creatures
  The ghost of Scuka the Conjurer, a novice DECj (D:4)
  A hornet (D:6)
  Menkaure (D:5)
  2 ice beasts
  A black bear (D:6)
  2 ogres (D:6)
  A centaur (D:5)
  A crimson imp (D:6)
  4 orc wizards
  A centaur skeleton (D:4)
  4 orc priests
  3 worker ants
  A hound zombie (D:3)
  A hound skeleton (D:6)
  3 gnolls (D:3)
  A howler monkey skeleton (D:5)
  6 adders
  A shadow imp (D:6)
  3 oozes
  2 worms (D:2)
  2 dart slugs
  3 leopard geckos
  19 orcs
  2 giant cockroaches
  8 goblins
  11 hobgoblins
  10 jackals
  3 quokkas
  4 ball pythons (D:3)
  A ball python skeleton (D:4)
  7 bats
  6 frilled lizards
  A jackal zombie (D:6)
  11 kobolds
  5 rats
133 creatures vanquished.

Notes
Turn   | Place    | Note
-------+----------+-------------------------------------------
     0 | D:1      | tricornhat the Deep Dwarf Fighter began the quest for the Orb.
     0 | D:1      | Reached XP level 1. HP: 20/20 MP: 1/1
   125 | D:1      | Reached XP level 2. HP: 24/27 MP: 2/2
   420 | D:1      | Reached XP level 3. HP: 19/33 MP: 3/3
   545 | D:1      | Reached skill level 3 in Axes
  1225 | D:2      | Reached skill level 1 in Dodging
  1262 | D:2      | Reached XP level 4. HP: 13/40 MP: 4/4
  1272 | D:2      | Gained mutation: You are dopey. (Int -2) [potion of mutation]
  1272 | D:2      | Gained mutation: You are partially covered in molten scales. (AC +2) [potion of mutation]
  1272 | D:2      | Gained mutation: You are frail. (-10% HP) [potion of mutation]
  1475 | D:2      | Found a faded altar of an unknown god.
  1691 | D:3      | Reached skill level 4 in Axes
  1697 | D:3      | Reached XP level 5. HP: 18/44 MP: 5/5
  1813 | D:3      | Found an ancient bone altar of Kikubaaqudgha.
  1937 | D:3      | Reached skill level 5 in Axes
  1994 | D:3      | Reached XP level 6. HP: 22/50 MP: 6/6
  2564 | D:4      | Noticed Scuka's ghost (novice DECj)
  2583 | D:4      | Killed Scuka's ghost
  2583 | D:4      | Reached skill level 6 in Axes
  2583 | D:4      | Reached skill level 5 in Shields
  2583 | D:4      | Reached skill level 1 in Evocations
  2583 | D:4      | Reached XP level 7. HP: 24/55 MP: 7/7
  2799 | D:5      | Entered Level 5 of the Dungeon
  2820 | D:5      | Found a staircase to the Ecumenical Temple.
  2834 | D:5      | Noticed Menkaure
  2843 | D:5      | Killed Menkaure
  2880 | D:5      | Found a hazy altar of Hepliaklqana.
  3023 | D:5      | Reached skill level 7 in Axes
  3031 | D:5      | Reached skill level 1 in Stealth
  3031 | D:5      | Reached XP level 8. HP: 53/64 MP: 9/9
  3183 | D:5      | Found a shattered altar of Ashenzari.
  3213 | D:5      | Found an opulent altar of Gozag.
  3240 | D:5      | Noticed Sigmund
  3361 | D:6      | Reached skill level 5 in Armour
  3518 | D:6      | Found a shattered altar of Ashenzari.
  3579 | D:6      | Noticed a hornet
  3585 | D:6      | HP: 1/64 [hornet (9)]
  3590 | D:6      | Killed a hornet
  3590 | D:6      | Reached skill level 8 in Axes
  3735 | D:6      | Found a white marble altar of Elyvilon.
  3807 | D:6      | Found a sparkling altar of Nemelex Xobeh.
  3810 | D:6      | Killed from afar by an orc wizard

Skill      XL: |  1  2  3  4  5  6  7  8 |
---------------+-------------------------+-----
Axes           | 3 4 5 6 7 8 |  8.4
Dodging        | 1 2 3 |  3.0
Fighting       | 3 4 |  4.3
Shields        | 4 5 6 |  6.4
Armour         | 4 5 |  5.5
Evocations     | 1 2 |  2.0
Stealth        | 1 |  1.1

Action                   |  1- 3 |  4- 6 |  7- 9 || total
-------------------------+-------+-------+-------++-------
Melee: War axe           |   130 |   253 |   151 ||   534
Evoke: Wand              |       |     4 |     5 ||     9
  Use: Potion            |     1 |     6 |     2 ||     9
       Scroll            |       |     7 |     7 ||    14
  Eat: Chunk             |     1 |       |       ||     1
       Fruit             |       |     4 |     2 ||     6
       Bread ration      |       |     1 |       ||     1
Armor: Scale mail        |    75 |   103 |    14 ||   192
       Chain mail        |       |       |    37 ||    37
Dodge: Dodged            |    41 |    74 |    49 ||   164
Block: Shield            |    90 |   130 |    77 ||   297
